 Dungeon Crawl Stone Soup version 0.21-a0-352-g5b8f553 (webtiles) character file.

7 Irenicus the Insei (level 2, -1/23 HPs)
             Began as a Gnoll Transmuter on Oct 8, 2017.
             Slain by a kobold (3 damage)
             ... on level 1 of the Dungeon on Oct 11, 2017.
             The game lasted 00:01:53 (253 turns).

Irenicus the Insei (Gnoll Transmuter)                Turns: 253, Time: 00:01:54

Health: -1/23      AC:  2    Str: 12    XL:     2   Next: 4%
Magic:  7/7        EV: 14    Int: 15    God:
Gold:   23         SH:  0    Dex: 15    Spells: 9/10 levels left

rFire    . . .     SeeInvis .     - Unarmed
rCold    . . .     Gourm    .   (no shield)
rNeg     . . .     Faith    .   b - +0 robe
rPois    .         Spirit   .   (no helmet)
rElec    .         Reflect  .   (no cloak)
rCorr    +         Harm     .   (no gloves)
MR       .....                  (no boots)
Stlth    +.........             (no amulet)
HPRegen  0.07/turn              e - ring of resist corrosion
MPRegen  0.10/turn              (no ring)

@: no status effects
A: distributed training, fangs 1, strong nose
a: no special abilities


You were on level 1 of the Dungeon.
You were not hungry.

You visited 1 branch of the dungeon, and saw 1 of its levels.

You collected 23 gold pieces.

Inventory:

Missiles
 a - 21 arrows
Armour
 b - a +0 robe (worn)
Jewellery
 e - a ring of resist corrosion (left hand)
Scrolls
 f - a scroll of recharging {unknown}
 g - a scroll of teleportation {unknown}
 i - a scroll of identify {unknown}
Books
 c - a book of Changes

   Spells                             Type                      Level
   a - Beastly Appendage              Transmutation                1
   b - Sticks to Snakes               Transmutation                2
   c - Spider Form                    Transmutation/Poison         3
   d - Ice Form                       Ice/Transmutation            4
   e - Blade Hands                    Transmutation                5
Comestibles
 d - 2 bread rations
 h - a meat ration


   Skills:
 + Level 2.4 Fighting
 + Level 0.2 Short Blades
 + Level 0.2 Long Blades
 + Level 0.2 Axes
 + Level 0.2 Maces & Flails
 + Level 0.2 Polearms
 + Level 0.2 Staves
 + Level 0.2 Slings
 + Level 0.2 Bows
 + Level 0.2 Crossbows
 + Level 0.2 Throwing
 + Level 0.2 Armour
 + Level 4.4 Dodging
 + Level 0.2 Stealth
 + Level 0.2 Shields
 + Level 6.4 Unarmed Combat
 + Level 4.9 Spellcasting
 + Level 0.2 Conjurations
 + Level 0.2 Hexes
 + Level 0.2 Charms
 + Level 0.2 Summonings
 + Level 0.2 Necromancy
 + Level 0.2 Translocations
 + Level 4.4 Transmutations
 + Level 0.2 Fire Magic
 + Level 0.2 Ice Magic
 + Level 0.2 Air Magic
 + Level 0.2 Earth Magic
 + Level 0.2 Poison Magic
 + Level 0.2 Invocations
 + Level 0.2 Evocations


You had 9 spell levels left.
You knew the following spells:

 Your Spells              Type           Power        Failure   Level  Hunger
a - Beastly Appendage     Tmut           ###...       2%          1    None


Dungeon Overview and Level Annotations

Branches:
Dungeon (1/15)

Altars:


Innate Abilities, Weirdness & Mutations

Your experience applies equally to all skills.
You have very sharp teeth.
Your uncanny sense of smell can sniff out nearby items.


Message History

* * * LOW HITPOINT WARNING * * *
The kobold closely misses you. The bat hits you but does no damage.
The kobold barely misses you. The bat closely misses you.
The kobold closely misses you. The bat hits you but does no damage.
The kobold hits you but does no damage. The bat hits you but does no damage.
The kobold closely misses you. The bat misses you.
The kobold hits you but does no damage.
The bat closely misses you. x2; The kobold closely misses you.
The bat hits you.
* * * LOW HITPOINT WARNING * * *
The kobold misses you. The bat hits you.
* * * LOW HITPOINT WARNING * * *
The bat closely misses you. The kobold hits you but does no damage.
The bat closely misses you. The kobold misses you. The bat barely misses you.
The kobold misses you. The bat hits you but does no damage.
The kobold hits you.
* * * LOW HITPOINT WARNING * * *
The bat barely misses you. The kobold hits you.
You die...

.......# ∆# ...###.###.#
..... ...###.....###
...# ...†.†........ ....
# .........#... ... .#
....####....# ##.##..
.##.####....####>...
....##.......b##..#
................@.# #
..............#.K.##.###
≈≈≈≈≈≈......?..........#
≈≈≈≈≈)............##.#.#
≈≈≈≈≈≈...######..## #
#'#≈≈≈...# #..#
..'≈≈≈...# #..#
..'≈≈≈..... ....
#'#≈≈≈...### .##!##


You could see a bat and a kobold.

Vanquished Creatures
  A giant cockroach (D:1)
  A goblin (D:1)
  2 kobolds (D:1)
  A frilled lizard (D:1)
  2 rats (D:1)
7 creatures vanquished.

Notes
Turn   | Place    | Note
-------+----------+-------------------------------------------
     0 | D:1      | Irenicus the Gnoll Transmuter began the quest for the Orb.
     0 | D:1      | Reached XP level 1. HP: 17/17 MP: 6/6
     2 | D:1      | Upgraded the game from 0.21-a0-349-g0c35859 to 0.21-a0-352-g5b8f553
   204 | D:1      | Reached XP level 2. HP: 15/23 MP: 7/7
   253 | D:1      | Slain by a kobold

Vault maps used:
D:1:      dpeg_arrival_castle

Action                   || total
-------------------------++-------
Melee: Unarmed           ||    25
       Bite              ||     2
       Punch             ||     1
 Stab: Sleeping          ||     1
Armor: Robe              ||    16
Dodge: Dodged            ||    64

Table legend:
 A = Spawn XP
 B = Non-spawn XP
 C = Spawn XP percentage of total XP
 D = Spawn monster count
 E = Non-spawn monster count
 F = Spawn count percentage of total count
 G = Total turns spent on level
                    A         B        C        D         E        F      G
               +---------+---------+-------+---------+---------+-------+---------
         Total |       0 |      11 |   0.0 |       0 |       7 |   0.0 |   253
               +---------+---------+-------+---------+---------+-------+---------
           D:1 |       0 |      11 |   0.0 |       0 |       7 |   0.0 |   253
               +---------+---------+-------+---------+---------+-------+---------
